 Dungeon Crawl Stone Soup version 0.22.1-1-ga44c0e5 (webtiles) character file.

375 HoaS the Ruffian (level 6, -2/55 (56) HPs)
             Began as a Ghoul Monk on Oct 5, 2018.
             Slain by a hound (4 damage)
             ... on level 6 of the Dungeon.
             The game lasted 00:09:07 (2921 turns).

HoaS the Ruffian (Ghoul Monk)                       Turns: 2921, Time: 00:09:08

HP:   -2/55 (56)    AC:  7    Str: 17    XL:     6   Next: 72%
MP:   5/5           EV: 12    Int:  5    God:
Gold: 213           SH:  0    Dex: 11    Spells: 5/5 levels left

rFire    . . .     SeeInvis .     - Unarmed
rCold    + . .     Gourm    .   (no shield)
rNeg     + + +     Faith    .   d - +0 ring mail
rPois    ∞         Spirit   .   (no helmet)
rElec    .         Reflect  .   (no cloak)
rCorr    .         Harm     .   a - +1 pair of gloves
MR       .....                  (no boots)
Stlth    +.........             (no amulet)
HPRegen  0.00/turn              (no ring)
MPRegen  0.09/turn              (no ring)

@: rotting
A: rotting body, claws 1, carnivore, cold resistance 1, negative energy
resistance 3, inhibited regeneration, torment resistance, unbreathing
a: no special abilities


You were on level 6 of the Dungeon.
You were not hungry.

You visited 1 branch of the dungeon, and saw 6 of its levels.

You collected 213 gold pieces.

Inventory:

Armour
 a - a +1 pair of gloves (worn)
 d - a +0 ring mail (worn)
 p - a +0 chain mail
Jewellery
 i - an uncursed ring of flight
Scrolls
 e - 2 scrolls of remove curse
 f - a scroll of fear
 k - 4 scrolls of blinking
 m - 2 scrolls of teleportation
 q - a scroll of identify
Potions
 c - a potion of berserk rage
 g - a potion of invisibility {unknown}
 h - a potion of curing
 j - a potion of brilliance {unknown}
 l - a potion of haste {unknown}
 n - 2 potions of heal wounds {unknown}
 o - a potion of degeneration {unknown}
Comestibles
 b - 7 rations


   Skills:
 * Level 5.3 Fighting
 + Level 2.1 Armour
 + Level 3.6 Dodging
 - Level 2.1 Stealth
 * Level 5.3 Unarmed Combat


You had 5 spell levels left.
You didn't know any spells.
Your spell library was empty.

Dungeon Overview and Level Annotations

Branches:
Dungeon (7/15)
 Temple: D:4-7

Altars:


Innate Abilities, Weirdness & Mutations

Your body is rotting away.
You thrive on raw meat.
You are immune to poison.
You have sharp fingernails.
You are carnivorous and can eat meat at any time.
Your flesh is cold resistant. (rC+)
You are immune to negative energy. (rN+++)
You do not regenerate when monsters are visible.
You are immune to unholy pain and torment.
You can survive without breathing.


Message History

You hit the iguana.
The iguana is heavily wounded.
The hound barely misses you. The iguana bites you.
* * * LOW HITPOINT WARNING * * *
You hit the iguana.
The iguana is severely wounded.
The hound bites you but does no damage. The iguana bites you!
* * * LOW HITPOINT WARNING * * *
The hound bites you but does no damage.
You hit the iguana but do no damage.
The iguana is severely wounded.
The hound barely misses you. The iguana barely misses you.
You hit the iguana.
The iguana is almost dead.
The hound closely misses you.
The iguana bites you but does no damage.
You hit the iguana but do no damage.
The iguana is almost dead.
The hound bites you.
You die...

# . .. ..
##.##. #.# ...
#..#..#..#....
#.#.#. .#....
#[...##......
##.......(....
#...>..l#....
#.##.##l# . #
#>##@# #.##h#
#.##l# #.##.#
...... #.....
##. ..


You could see an iguana, a hound and 2 leopard geckos.

Vanquished Creatures
  A bullfrog (D:6)
  A howler monkey (D:4)
  2 hounds
  2 orc priests
  A worker ant (D:4)
  6 adders
  2 oozes
  An adder skeleton (D:4)
  A worm (D:4)
  A dart slug (D:2)
  2 leopard geckos
  5 orcs
  5 bats
  4 giant cockroaches
  3 goblins
  5 hobgoblins
  3 jackals (D:2)
  5 kobolds
  3 quokkas
  A ball python (D:3)
  3 frilled lizards
  2 rats
59 creatures vanquished.

Notes
Turn   | Place    | Note
-------+----------+-------------------------------------------
     0 | D:1      | HoaS the Ghoul Monk began the quest for the Orb.
     0 | D:1      | Reached XP level 1. HP: 19/19 MP: 0/0
   544 | D:1      | Reached XP level 2. HP: 25/26 MP: 1/1
  1037 | D:2      | Reached XP level 3. HP: 27/33 MP: 2/2
  1137 | D:2      | Reached skill level 1 in Armour
  1166 | D:2      | Reached XP level 4. HP: 22/40 MP: 3/3
  1679 | D:3      | Reached XP level 5. HP: 23/47 MP: 4/4
  2555 | D:4      | Reached skill level 5 in Unarmed Combat
  2555 | D:4      | Reached XP level 6. HP: 25/55 MP: 5/5
  2738 | D:4      | Reached skill level 5 in Fighting
  2880 | D:4      | You fall through a shaft for 3 floors!
  2890 | D:7      | Noticed an ice beast
  2918 | D:6      | HP: 2/55 [iguana (11)]
  2921 | D:6      | Slain by a hound

Skill      XL: |  1  2  3  4  5  6 |
---------------+-------------------+-----
Unarmed Combat | 4 5 |  5.3
Dodging        | 3 |  3.6
Armour         | 1 2 |  2.1
Fighting       | 4 5 |  5.3
Stealth        | |  2.1

Action                   |  1- 3 |  4- 6 || total
-------------------------+-------+-------++-------
Melee: Unarmed           |   106 |   197 ||   303
       Punch             |     2 |     6 ||     8
  Use: Scroll            |     2 |     7 ||     9
 Stab: Sleeping          |       |     2 ||     2
       Distracted        |       |     1 ||     1
  Eat: Chunk             |     2 |    10 ||    12
Armor: Leather armour    |     5 |       ||     5
       Robe              |     2 |       ||     2
       Ring mail         |    35 |    87 ||   122
Dodge: Dodged            |    78 |   138 ||   216
